Map: Shrines of Lizul

Players

Kepting - Winner!

  • Race: Terran Terran
  • League: Diamond
  • Spawn Location: 6:00

NeedlesKane - Winner!

  • Race: Zerg Zerg
  • Spawn Location: 9:00

OpuS

  • Race: Protoss Protoss
  • League: Platinum
  • Spawn Location: 3:00

Sketchaphone

  • Race: Zerg Zerg
  • League: Platinum
  • Spawn Location: 12:00

VOD

Have the link to the VOD?

Description

Time

  • Played on: Feb. 7, 2019, 9:07 p.m.
  • Length: 9:33
Show
View Real Time Build Order
Export as new Build Order

Kepting Terran - Winner!

Build Orders:  

Get SALT Encoding   

  12  0:01  SCV  
  13  0:13  SCV  
  14  0:19  Supply Depot  
  14  0:25  SCV  
  15  0:40  SCV  
  16  0:45  Barracks  
  16  0:55  SCV  
  16  0:56  Barracks  
  17  1:02  Refinery  
  17  1:07  SCV  
  18  1:16  Refinery  
  18  1:19  SCV  
  19  1:31  SCV  
  20  1:38  Marine  
  21  1:40  Supply Depot  
  21  1:44  Orbital Command  
  21  1:47  Marine  
  22  1:56  Marine  
  23  2:06  Factory  
  23  2:07  Marine  
  24  2:19  SCV  
  24  2:21  Marine  
  26  2:26  Marine  
  27  2:32  Supply Depot  
  27  2:36  SCV  
  28  2:41  Barracks Tech Lab  
  28  2:48  SCV  
  29  2:54  Starport  
  29  2:55  Factory Reactor  
  29  2:56  Marine  
  30  3:00  SCV  
  30  3:03  Stimpack, Marine  
  32  3:15  Marine  
  32  3:18  SCV  
  34  3:21  Supply Depot  
  34  3:23  Engineering Bay  
  34  3:25  Marine  
  35  3:30  SCV  
  36  3:39  Marine  
  32  3:41  Medivac  
  37  3:43  Medivac, Marine, SCV  
  37  3:48  Supply Depot  
  43  4:00  Marine  
  44  4:16  Liberator  
  44  4:23  Marine  
  44  4:24  Marauder  
  36  4:32  Widow Mine  
  36  4:34  SCV  
  42  4:39  Command Center  
  42  4:41  Marine  
  43  4:46  Marine  
  43  4:50  Terran Infantry Weapons Level 1  
  44  4:59  Marine, Widow Mine  
  47  5:10  Marine  
  47  5:11  Combat Shield  
  48  5:19  Medivac  
  48  5:20  Marine  
  51  5:28  Marine  
  52  5:42  Marine  
  53  5:46  Marauder  
  55  6:00  Marine  
  56  6:08  Marauder  
  56  6:09  Factory Reactor  
  56  6:10  Barracks  
  56  6:11  Barracks  
  58  6:13  Barracks  
  58  6:14  SCV  
  58  6:17  Marine  
  60  6:18  Engineering Bay  
  60  6:26  SCV  
  60  6:29  Marauder  
  63  6:38  SCV  
  64  6:50  SCV  
  61  7:00  Marine  
  61  7:01  Marauder  
  62  7:18  Marine  
  63  7:26  Marauder, SCV  
  66  7:32  Orbital Command  
  66  7:36  Marine  
  67  7:38  Marine x3  
  67  7:43  Supply Depot  
  70  7:46  Marine  
  71  7:59  Marine x4  
  71  8:05  Marauder  
  77  8:17  Marine x2  
  77  8:22  Marine x2  
  77  8:26  Marauder  
  81  8:34  Marine  
  80  8:53  Marine x3  
  83  9:01  Marine x2  
  84  9:09  Supply Depot  
  84  9:10  SCV  
  84  9:11  Marine x3  
  88  9:19  Supply Depot x3  
Show
View Real Time Build Order
Export as new Build Order

NeedlesKane Zerg - Winner!

Build Orders: Pool First 

Get SALT Encoding   

  12  0:01  Drone  
  13  0:10  Drone  
  14  0:17  Overlord  
  14  0:24  Extractor  
  14  0:25  Drone  
  15  0:36  Drone  
  15  0:37  Drone  
  17  0:48  Spawning Pool  
  16  0:52  Drone  
  17  0:59  Drone  
  17  1:04  Extractor  
  17  1:06  Drone  
  18  1:27  Hatchery  
  18  1:28  Drone  
  18  1:39  Drone x2  
  20  1:45  Queen  
  22  1:57  Spine Crawler  
  21  2:04  Roach Warren  
  21  2:08  Drone  
  21  2:39  Queen, Drone  
  21  2:41  Drone x2  
  26  2:46  Overlord  
  26  2:52  Roach  
  26  2:54  Overlord  
  28  3:00  Extractor  
  28  3:02  Drone  
  28  3:11  Overlord  
  28  3:13  Drone x2  
  28  3:14  Drone  
  31  3:23  Drone  
  31  3:24  Roach  
  34  3:30  Lair  
  34  3:32  Roach x2  
  38  3:35  Drone  
  38  3:36  Drone  
  38  3:39  Overlord  
  40  4:02  Roach x3  
  46  4:03  Drone  
  47  4:31  Drone  
  47  4:32  Roach x2, Drone x4  
  47  4:35  Extractor  
  55  4:41  Glial Reconstitution  
  55  4:44  Drone  
  55  4:45  Roach x2, Evolution Chamber  
  59  4:48  Overlord  
  59  4:50  Extractor  
  58  5:02  Overlord, Roach  
  60  5:08  Roach x2  
  60  5:09  Roach x2  
  66  5:14  Roach  
  66  5:16  Overlord x2  
  66  5:34  Roach x2  
  66  5:35  Roach x4  
  64  5:42  Queen  
  60  5:44  Roach x4  
  60  5:48  Roach  
  66  6:00  Drone x2  
  68  6:05  Drone  
  68  6:08  Zerg Missile Weapons Level 1  
  69  6:12  Drone  
  69  6:13  Overlord, Roach, Drone  
  73  6:21  Roach x3  
  73  6:22  Drone  
  73  6:25  Hatchery  
  79  6:33  Ravager  
  71  7:11  Roach  
  71  7:12  Roach  
  75  7:16  Ravager  
  75  7:18  Roach x2  
  75  7:19  Roach x3  
  86  7:23  Ravager  
  86  7:25  Ravager  
  86  7:29  Roach  
  90  7:39  Evolution Chamber  
  89  7:54  Roach  
  89  7:55  Roach  
  91  8:02  Roach x2  
  91  8:03  Roach  
  97  8:25  Roach x3  
  95  8:43  Drone x3  
  95  8:44  Queen  
  96  8:53  Queen  
  96  8:54  Queen  
  96  8:55  Infestation Pit  
  95  9:00  Extractor x2  
Show
View Real Time Build Order
Export as new Build Order

OpuS Protoss 

Build Orders:  

Get SALT Encoding   

  12  0:01  Probe  
  13  0:13  Probe  
  14  0:20  Pylon  
  14  0:25  Probe  
  15  0:37  Probe  
  15  0:42  Gateway  
  16  0:48  Probe  
  16  0:56  Assimilator  
  17  1:09  Gateway  
  17  1:15  Probe  
  17  1:23  Probe  
  19  1:36  Pylon  
  19  1:39  Forge  
  19  1:41  Zealot  
  21  1:50  Probe  
  22  2:02  Probe  
  23  2:13  Zealot  
  25  2:16  Photon Cannon  
  24  2:26  Cybernetics Core  
  24  2:34  Photon Cannon  
  24  2:38  Probe  
  25  2:51  Pylon  
  25  2:52  Zealot, Warp Gate  
  27  3:15  Shield Battery  
  27  3:17  Twilight Council  
  27  3:19  Probe  
  28  3:28  Assimilator  
  28  3:32  Probe  
  29  3:39  Adept  
  29  3:40  Adept  
  33  3:43  Charge  
  33  3:57  Pylon  
  33  4:13  Gateway  
  33  4:25  Probe  
  33  4:28  Stargate  
  34  4:33  Probe  
  35  4:41  Stalker x2  
  39  5:13  Nexus  
  39  5:15  Pylon  
  39  5:36  Void Ray  
  39  5:39  Zealot  
  33  5:56  Zealot x2  
  37  5:57  Probe  
  36  6:09  Zealot, Probe  
  39  6:24  Stalker  
  39  6:25  Stalker  
  43  6:32  Probe x2  
  45  6:40  Stalker  
  47  6:59  Stalker x2  
  45  7:02  Void Ray  
  38  7:22  Zealot x3  
  42  7:42  Stalker  
  42  7:43  Stalker  
  46  7:48  Pylon  
  46  7:51  Pylon  
  46  7:53  Pylon  
  45  8:06  Stalker  
  45  8:09  Stalker  
  49  8:13  Sentry  
  51  8:27  Void Ray  
  37  8:40  Stalker  
  39  9:04  Stalker  
  39  9:05  Stalker x2  
Show
View Real Time Build Order
Export as new Build Order

Sketchaphone Zerg 

Build Orders: Pool First 

Get SALT Encoding   

  12  0:02  Drone  
  13  0:08  Drone  
  14  0:28  Spawning Pool  
  13  0:35  Overlord  
  13  0:41  Drone  
  14  0:58  Drone x3  
  14  1:01  Extractor  
  16  1:16  Drone  
  16  1:18  Queen  
  19  1:46  Hatchery  
  18  1:47  Zergling x2  
  18  1:48  Zergling x2  
  20  1:56  Overlord  
  20  2:06  Drone  
  21  2:17  Metabolic Boost  
  21  2:19  Spine Crawler  
  20  2:24  Zergling x2  
  20  2:28  Zergling x2  
  20  2:29  Zergling x2  
  23  2:34  Drone  
  24  2:44  Zergling x4  
  24  2:46  Drone  
  27  2:57  Overlord  
  27  3:01  Drone x2  
  29  3:15  Baneling Nest, Drone x2  
  30  3:25  Overlord  
  30  3:27  Drone x3  
  33  3:45  Zergling x10  
  38  3:57  Drone  
  38  3:58  Evolution Chamber, Drone  
  38  4:00  Baneling x4  
  30  4:25  Zergling x12  
  36  4:37  Zerg Melee Weapons Level 1  
  36  4:38  Zergling x8  
  40  4:43  Hatchery  
  39  4:48  Drone  
  39  4:49  Overlord  
  40  4:53  Drone  
  40  4:59  Queen  
  43  5:09  Overlord  
  43  5:11  Drone x5  
  43  5:36  Zergling x8  
  45  5:45  Drone x2  
  46  5:56  Zergling x10  
  47  5:57  Queen  
  47  6:02  Evolution Chamber  
  47  6:12  Zergling x8  
  47  6:17  Baneling  
  47  6:18  Baneling x7  
  51  6:19  Zergling x2  
  51  6:20  Zergling x4  
  51  6:24  Zergling x2  
  55  6:30  Zergling x8  
  59  6:32  Queen  
  59  6:35  Spine Crawler  
  59  6:37  Zergling x6  
  59  6:38  Zergling x4  
  65  6:40  Zergling x2  
  54  6:56  Zergling x8  
  54  7:00  Zergling x4  
  55  7:03  Zergling x2  
  55  7:12  Zergling x8  
  43  7:23  Zergling x6  
  46  7:37  Zergling x18  
  38  7:48  Zergling x8  
  42  7:52  Zergling x2  
  42  8:01  Zergling x2  
  43  8:09  Hatchery  
  43  8:11  Zergling x6  
  44  8:16  Zergling x2  
  27  8:35  Spine Crawler  
  27  8:39  Spine Crawler  
  27  8:41  Spine Crawler x2  
  23  8:43  Spine Crawler  
  23  8:44  Spine Crawler  
  23  8:45  Spine Crawler  
  23  8:46  Spine Crawler  
Tags
 
Add a new tag
Caveats
  • Supply blocks, unpowered buildings, or Contaminate may cause inaccurate times.
  • Supply counts are checked every 10 seconds.